 Dungeon Crawl Stone Soup version 0.31-a0-193-gdfe2569204 (webtiles) character file.

Game seed: 2496205626371670782

23 qw the Shooter (level 2, 0/16 HPs)
             Began as a Deep Elf Hunter on June 24, 2023.
             Succumbed to their own poison gas
             ... on level 2 of the Dungeon.
             The game lasted 00:00:12 (541 turns).

qw the Shooter (Deep Elf Hunter)                     Turns: 541, Time: 00:00:13

Health: 0/16       AC:  3    Str:  8    XL:     2   Next: 75%
Magic:  4/4        EV: 12    Int: 13    God:
Gold:   57         SH:  0    Dex: 18    Spells: 1/1 levels left

rFire   . . .        Y - +0 shortbow
rCold   . . .        (shield currently unavailable)
rNeg    . . .        c - +0 leather armour
rPois   .            (no helmet)
rElec   .            (no cloak)
rCorr   .            (no gloves)
SInv    .            (no boots)
Will    .....        (no amulet)
Stlth   ++           (no ring)
HPRegen 0.22/turn    (no ring)
MPRegen 0.09/turn

%: no passive effects
@: lethally poisoned (0 -> -11)
A: no striking features
a: no special abilities


You were on level 2 of the Dungeon.
You visited 1 branch of the dungeon, and saw 2 of its levels.

You collected 57 gold pieces.


   Skills:
 - Level 1.5 Fighting
 + Level 6.5 Ranged Weapons
 - Level 2.4 Dodging
 - Level 1.2 Stealth


You had one spell level left.
You didn't know any spells.
Your spell library was empty.

Inventory:

Hand Weapons
 Y - a +0 shortbow (weapon)
Armour
 c - a +0 leather armour (worn)
Potions
 d - a potion of curing {unknown}
 f - a potion of heal wounds {unknown}
 g - a potion of invisibility {unknown}

Dungeon Overview and Level Annotations

Branches:
Dungeon (2/15)

Altars:


Message History

Enter note:
Enter note:
Enter note:
Enter note: You shoot an arrow.
The arrow barely misses the ball python.
The ball python barely misses you. x2; The ball python misses you.
The ball python barely misses you.
You shoot an arrow.
The arrow closely misses the ball python.
The ball python barely misses you. The ball python closely misses you.
You shoot an arrow. The arrow hits the ball python!
You kill the ball python!
You see here a ball python corpse.
g - a bubbling emerald potion
Enter note:
Enter note:
Enter note:
Enter note: A sourceless malevolence fills the Dungeon...
You fall into a shaft and drop 1 floor!
The shaft crumbles and collapses.
Found two leather armours, a sling and 2 javelins.
Found a stone staircase leading up.
Waypoint 1 assigned to D:2.
538 ||| READING scroll labelled FUPHAMUDEM.
The air fills with toxic fumes!
As you read the scroll labelled FUPHAMUDEM, it crumbles to dust.
It was a scroll of poison.
539 ||| DROPPING scroll of butterflies.
You drop a scroll of butterflies.
(D) Dungeon
Where to? (* - list waypoints, ? - help)
What level of the Dungeon? (default 1, ? - help) Sorry, I don't know how to get there.
Really walk into that cloud of poison gas?
You are engulfed in poison gas.
You are poisoned.
Ouch! That really hurt!
You feel very sick.
541 ||| Stepping ~*~*~tactically~*~*~ (cloud).
You die...

####### #####
##¤¤¤¤¤##¤¤¤¤.
##¤¤¤¤¤¤¤¤¤¤¤¤.
#¤¤¤¤¤¤¤¤¤¤¤¤¤.
#¤¤¤¤¤¤¤¤¤¤¤¤¤.
#¤¤¤¤¤¤¤¤¤¤¤¤¤.
#¤¤¤¤¤¤@¤¤¤¤¤¤.
#¤¤¤¤¤¤¤¤¤¤¤¤¤.
#¤¤¤¤¤¤¤¤¤¤¤¤¤.
##¤¤¤¤¤¤¤¤¤¤¤¤.
##¤¤¤¤¤##¤¤¤¤.
####### #####


There were no monsters in sight!

Vanquished Creatures
  2 dart slugs (D:1)
  2 ball pythons (D:1)
  A bat (D:1)
  3 endoplasms (D:1)
  2 goblins (D:1)
  A hobgoblin (D:1)
  A quokka (D:1)
  4 kobolds (D:1)
  A rat (D:1)
17 creatures vanquished.

Notes
Turn   | Place    | Note
-------+----------+-------------------------------------------
     0 | D:1      | qw the Deep Elf Hunter began the quest for the Orb.
     0 | D:1      | Reached XP level 1. HP: 12/12 MP: 3/3
     0 | D:1      | 0 ||| qw: Version: 0.3-a-9-g12657ce
     0 | D:1      | 0 ||| qw: Game counter: 4665
     0 | D:1      | 0 ||| qw: Always use a shield: true
     0 | D:1      | 0 ||| qw: God list: Okawaru
     0 | D:1      | 0 ||| qw: Allow faded altars: false
     0 | D:1      | 0 ||| qw: Do Orc after D:15 true
     0 | D:1      | 0 ||| qw: Do second Lair branch before Depths: true
     0 | D:1      | 0 ||| qw: Lair rune preference: random
     0 | D:1      | 0 ||| qw: Plans: Normal
     0 | D:1      | 0 ||| PLANNING D:1-11
   248 | D:1      | Reached skill level 6 in Ranged Weapons
   248 | D:1      | Reached XP level 2. HP: 16/16 MP: 4/4
   408 | D:1      | 408 ||| Stepping ~*~*~tactically~*~*~ (outnumbered).
   410 | D:1      | 410 ||| Stepping ~*~*~tactically~*~*~ (outnumbered).
   412 | D:1      | 412 ||| Stepping ~*~*~tactically~*~*~ (outnumbered).
   537 | D:1      | You fall into a shaft and drop 1 floor!
   538 | D:2      | 538 ||| READING scroll labelled FUPHAMUDEM.
   539 | D:2      | 539 ||| DROPPING scroll of butterflies.
   540 | D:2      | HP: 3/16 [poisoned by you (poison gas)]
   541 | D:2      | 541 ||| Stepping ~*~*~tactically~*~*~ (cloud).
   541 | D:2      | Succumbed to their own poison gas

Levels and vault maps discovered:
D:1:      minmay_arrival_hallway, layout_loops_corners, minivault_26,
          minmay_indecisive_spiral
D:2:      layout_rooms, basic_altar

Skill      XL: |  1 |
---------------+----+-----
Ranged Weapons | 6 |  6.5
Fighting       | |  1.5
Dodging        | |  2.4
Stealth        | |  1.2

Action                     || total
---------------------------++-------
   Fire: Shortbow          ||    39
    Use: Scroll            ||     1
 Armour: Leather armour    ||     1
  Dodge: Dodged            ||    13

Table legend:
 A = Non-vault XP
 B = Vault XP
 C = Vault XP percentage of total XP
 D = Non-vault monster count
 E = Vault monster count
 F = Vault count percentage of total count
                 A         B        C        D         E       F
            +---------+---------+-------+---------+---------+-------
      Total |      23 |      11 |  32.4 |      13 |       4 |  23.5
            +---------+---------+-------+---------+---------+-------
        D:1 |      23 |      11 |  32.4 |      13 |       4 |  23.5
            +---------+---------+-------+---------+---------+-------
